 Dungeon Crawl Stone Soup version 0.21.0-34-g9234887 (webtiles) character file.

312 tidbits the Charmwright (level 6, 0/51 HPs)
             Began as a Gnoll Skald on Jan 29, 2018.
             Slain by an iguana (14 damage)
             ... on level 4 of the Dungeon.
             The game lasted 00:08:34 (1218 turns).

tidbits the Charmwright (Gnoll Skald)               Turns: 1218, Time: 00:08:34

Health: 0/51       AC:  4    Str: 14    XL:     6   Next: 42%
Magic:  9/14       EV: 14    Int: 17    God:
Gold:   184        SH:  0    Dex: 14    Spells: 4/15 levels left

rFire    . . .     SeeInvis .   a - +0 hand axe
rCold    . . .     Gourm    .   (no shield)
rNeg     . . .     Faith    .   B - +0 leather armour
rPois    .         Spirit   .   (no helmet)
rElec    .         Reflect  .   C - +0 cloak
rCorr    .         Harm     +   (no gloves)
MR       .....                  (no boots)
Stlth    ++........             s - amulet of harm
HPRegen  0.17/turn              W - ring of wizardry
MPRegen  0.14/turn              (no ring)

@: no status effects
A: distributed training, fangs 1, strong nose
a: no special abilities


You were on level 4 of the Dungeon.
You were not hungry.

You visited 1 branch of the dungeon, and saw 5 of its levels.

You collected 184 gold pieces.

Inventory:

Hand Weapons
 a - a +0 hand axe (weapon)
 b - a +0 dagger
 j - a +0 quarterstaff
 u - a +3 quarterstaff of chaos
   (You took it off Crazy Yiuf on level 5 of the Dungeon)
Missiles
 f - 27 arrows
 n - 21 stones (quivered)
Armour
 B - a +0 leather armour (worn)
 C - a +0 cloak (worn)
Jewellery
 s - an amulet of harm (around neck)
   (You found it on level 4 of the Dungeon)
 W - a ring of wizardry (left hand)
   (You found it on level 2 of the Dungeon)
Scrolls
 e - a scroll of fear {unknown}
 g - 2 scrolls of amnesia {unknown}
 i - a scroll of immolation {unknown}
 l - a scroll of magic mapping
 m - a scroll of fog
 r - 4 scrolls of remove curse
 t - a scroll of teleportation
Potions
 k - 5 potions of curing {unknown}
 o - a potion of degeneration {unknown}
 p - a potion of lignification {unknown}
 q - a potion of agility {unknown}
 w - a potion of flight {unknown}
Books
 c - a book of Battle

   Spells                             Type                      Level
   a - Infusion                       Charms                       1
   b - Shroud of Golubria             Charms/Translocation         2
   c - Song of Slaying                Charms                       2
   d - Spectral Weapon                Hexes/Charms                 3
   e - Regeneration                   Charms/Necromancy            3
Comestibles
 d - 7 rations


   Skills:
 + Level 5.0 Fighting
 + Level 1.9 Short Blades
 + Level 1.9 Long Blades
 + Level 5.0 Axes
 + Level 1.9 Maces & Flails
 + Level 1.9 Polearms
 + Level 1.9 Staves
 + Level 1.9 Slings
 + Level 1.9 Bows
 + Level 1.9 Crossbows
 + Level 1.9 Throwing
 + Level 3.2 Armour
 + Level 5.0 Dodging
 + Level 1.9 Stealth
 + Level 1.9 Shields
 + Level 1.9 Unarmed Combat
 + Level 5.3 Spellcasting
 + Level 1.5 Conjurations
 + Level 1.5 Hexes
 + Level 5.6 Charms
 + Level 1.5 Summonings
 + Level 1.5 Necromancy
 + Level 1.5 Translocations
 + Level 1.5 Transmutations
 + Level 1.5 Fire Magic
 + Level 1.5 Ice Magic
 + Level 1.5 Air Magic
 + Level 1.5 Earth Magic
 + Level 1.5 Poison Magic
 + Level 2.1 Invocations
 + Level 1.9 Evocations


You had 4 spell levels left.
You knew the following spells:

 Your Spells              Type           Power        Failure   Level  Hunger
g - Shroud of Golubria    Chrm/Tloc      ###.......   2%          2    #......
i - Infusion              Chrm           ###.         1%          1    None
r - Regeneration          Chrm/Necr      ###.......   4%          3    ##.....
w - Spectral Weapon       Hex/Chrm       ###.....     4%          3    ##.....
y - Song of Slaying       Chrm           ###.....     1%          2    #......


Dungeon Overview and Level Annotations

Branches:
Dungeon (5/15)
 Temple: D:4-7

Altars:
Dithmenos
Nemelex Xobeh


Innate Abilities, Weirdness & Mutations

Your experience applies equally to all skills.
You have very sharp teeth.
Your uncanny sense of smell can sniff out nearby items.


Message History

Casting: Spectral Weapon
Confirm with . or Enter, or press ? or * to list all spells.
You draw out your weapon's spirit!
You hear the slow hiss of a very distant avalanche of sand.
You miss the crimson imp.
The hound barks!
Your bite misses the crimson imp. The crimson imp hits you.
A quokka comes into view.
The crimson imp completely misses you.
Found a stone staircase leading up.
Unknown command.
You barely miss the crimson imp. You closely miss the hound.
Your spectral weapon hits the crimson imp.
Your spectral weapon hits the hound.
The hound closely misses you.
The crimson imp hits you but does no damage.
The hound closely misses you.
You hit the hound.
The hound is moderately wounded.
You closely miss the crimson imp.
Your spectral weapon closely misses the hound.
Your spectral weapon hits the crimson imp but does no damage.
The hound closely misses you. The crimson imp hits you.
You hit the hound but do no damage. Your bite misses the hound.
The hound is moderately wounded.
You hit the crimson imp but do no damage.
Your spectral weapon barely misses the hound.
Your spectral weapon misses the crimson imp.
The hound closely misses you. The crimson imp closely misses you.
The hound closely misses you.
You hit the hound but do no damage.
The hound is moderately wounded.
You hit the quokka but do no damage. You hit the crimson imp.
Your spectral weapon closely misses the hound.
Your spectral weapon hits the crimson imp.
The quokka bites you but does no damage.
The hound misses you.
The crimson imp hits your spectral weapon but does no damage.
The quokka misses you. The hound misses you.
You hit the hound.
The hound is severely wounded.
You hit the quokka. You completely miss the crimson imp.
Your spectral weapon closely misses the hound.
Your spectral weapon barely misses the crimson imp.
The hound bites you but does no damage. The quokka misses you.
The crimson imp hits you.
You hit the hound but do no damage. You bite the hound, but do no damage.
The hound is severely wounded.
You barely miss the quokka.
You hit the crimson imp but do no damage.
Your spectral weapon hits the hound.
Your spectral weapon closely misses the crimson imp.
The hound completely misses you. The quokka barely misses you.
The crimson imp completely misses you. The hound barely misses you.
You hit the hound but do no damage.
The hound is severely wounded.
You barely miss the crimson imp. You hit the quokka.
You kill the quokka!
Your spectral weapon hits the hound!
You kill the hound!
Your spectral weapon completely misses the crimson imp.
The crimson imp hits you.
You closely miss the crimson imp.
The crimson imp is moderately wounded.
Your spectral weapon hits the crimson imp.
The crimson imp hits you but does no damage.
You hit the crimson imp but do no damage.
The crimson imp is heavily wounded.
Your spectral weapon barely misses the crimson imp.
The crimson imp closely misses you.
You completely miss the crimson imp.
The crimson imp is moderately wounded.
Your spectral weapon barely misses the crimson imp.
The crimson imp hits you.
* * * LOW HITPOINT WARNING * * *
You hit the crimson imp but do no damage.
Your bite misses the crimson imp.
The crimson imp is moderately wounded.
Your spectral weapon hits the crimson imp!
You kill the crimson imp!
Your Fighting skill increases to level 5!
Your Axes skill increases to level 5!
Your Dodging skill increases to level 5!
You see here 16 gold pieces.
You now have 184 gold pieces (gained 16).
There is a stone staircase leading up here.
You climb upwards.
Your summoned ally is left behind.
Your spectral weapon fades away.
The iguana hisses angrily.
A quokka and a skeleton come into view.
There is a stone staircase leading down here.
Unknown command.
The iguana bites you but does no damage.
The iguana closely misses you.
An ogre comes into view. It is wielding a giant spiked club.
The ogre shouts!
The quokka misses you. The iguana bites you!
* * * LOW HITPOINT WARNING * * *
The quokka misses you. The iguana bites you!
You die...

.........
............
...[....
...........
....... ........♣
...... . #......♣
..... ..##
##......♣ ....
....###...... ♣
... ..........♣♣♣
≈.. ..
........@.♣≈♣P.≈O≈
..
####...rl..≈≈≈≈≈≈
.. #.....♣♣≈♣≈≈≈≈
.. #>....♣ ♣ P ..
#........♣ ..
#........... ..
#..........♣ ..
............♣ ..
.............. ..


You could see an iguana and a quokka.

Vanquished Creatures
  2 crimson imps (D:5)
  A quasit (D:4)
  Crazy Yiuf (D:5)
  2 hounds (D:5)
  A jelly (D:5)
  A worker ant (D:4)
  2 adders
  3 oozes
  A worm (D:2)
  2 dart slugs
  A ball python (D:2)
  A giant cockroach (D:2)
  3 goblins
  5 hobgoblins
  2 kobolds (D:2)
  7 quokkas
  3 bats
  A frilled lizard (D:5)
  2 rats
41 creatures vanquished.

Notes
Turn   | Place    | Note
-------+----------+-------------------------------------------
     0 | D:1      | tidbits the Gnoll Skald began the quest for the Orb.
     0 | D:1      | Reached XP level 1. HP: 20/20 MP: 6/6
   292 | D:2      | Reached XP level 2. HP: 26/26 MP: 3/7
   296 | D:2      | Learned a level 2 spell: Song of Slaying
   299 | D:2      | Learned a level 2 spell: Shroud of Golubria
   336 | D:2      | Reached XP level 3. HP: 20/31 MP: 2/9
   342 | D:2      | Learned a level 3 spell: Regeneration
   347 | D:2      | Learned a level 3 spell: Spectral Weapon
   427 | D:1      | Reached skill level 5 in Spellcasting
   773 | D:3      | Reached skill level 1 in Invocations
   775 | D:3      | Reached skill level 1 in Short Blades
   775 | D:3      | Reached skill level 1 in Long Blades
   775 | D:3      | Reached skill level 1 in Maces & Flails
   775 | D:3      | Reached skill level 1 in Polearms
   775 | D:3      | Reached skill level 1 in Staves
   775 | D:3      | Reached skill level 1 in Slings
   775 | D:3      | Reached skill level 1 in Bows
   775 | D:3      | Reached skill level 1 in Crossbows
   775 | D:3      | Reached skill level 1 in Throwing
   775 | D:3      | Reached skill level 1 in Stealth
   775 | D:3      | Reached skill level 1 in Shields
   775 | D:3      | Reached skill level 1 in Unarmed Combat
   775 | D:3      | Reached skill level 1 in Evocations
   845 | D:3      | Reached XP level 4. HP: 23/38 MP: 7/11
   892 | D:4      | Noticed an ogre
   964 | D:4      | Reached skill level 1 in Conjurations
   964 | D:4      | Reached skill level 1 in Hexes
   964 | D:4      | Reached skill level 1 in Summonings
   964 | D:4      | Reached skill level 1 in Necromancy
   964 | D:4      | Reached skill level 1 in Translocations
   964 | D:4      | Reached skill level 1 in Transmutations
   964 | D:4      | Reached skill level 1 in Fire Magic
   964 | D:4      | Reached skill level 1 in Ice Magic
   964 | D:4      | Reached skill level 1 in Air Magic
   964 | D:4      | Reached skill level 1 in Earth Magic
   964 | D:4      | Reached skill level 1 in Poison Magic
   985 | D:4      | Reached XP level 5. HP: 42/43 MP: 5/12
   991 | D:5      | Entered Level 5 of the Dungeon
  1050 | D:5      | Reached skill level 3 in Armour
  1109 | D:5      | Found a shadowy altar of Dithmenos.
  1109 | D:5      | Found a sparkling altar of Nemelex Xobeh.
  1143 | D:5      | Found a runed door.
  1147 | D:5      | Noticed Crazy Yiuf
  1153 | D:5      | Killed Crazy Yiuf
  1172 | D:5      | Reached skill level 2 in Invocations
  1172 | D:5      | Reached XP level 6. HP: 29/50 MP: 6/13
  1205 | D:5      | Reached skill level 5 in Fighting
  1205 | D:5      | Reached skill level 5 in Axes
  1205 | D:5      | Reached skill level 5 in Dodging
  1218 | D:4      | Slain by an iguana

Skill      XL: |  1  2  3  4  5  6 |
---------------+-------------------+-----
Spellcasting   | 5 |  5.3
Invocations    | 1 2 |  2.1
Short Blades   | 1 |  1.9
Long Blades    | 1 |  1.9
Maces & Flails | 1 |  1.9
Polearms       | 1 |  1.9
Staves         | 1 |  1.9
Slings         | 1 |  1.9
Bows           | 1 |  1.9
Crossbows      | 1 |  1.9
Throwing       | 1 |  1.9
Stealth        | 1 |  1.9
Shields        | 1 |  1.9
Unarmed Combat | 1 |  1.9
Evocations     | 1 |  1.9
Conjurations   | 1 |  1.5
Hexes          | 1 |  1.5
Summonings     | 1 |  1.5
Necromancy     | 1 |  1.5
Translocations | 1 |  1.5
Transmutations | 1 |  1.5
Fire Magic     | 1 |  1.5
Ice Magic      | 1 |  1.5
Air Magic      | 1 |  1.5
Earth Magic    | 1 |  1.5
Poison Magic   | 1 |  1.5
Armour         | 3 |  3.2
Fighting       | 5 |  5.0
Axes           | 5 |  5.0
Dodging        | 5 |  5.0
Charms         | |  5.6

Action                   |  1- 3 |  4- 6 || total
-------------------------+-------+-------++-------
Melee: Hand axe          |    60 |    46 ||   106
       Bite              |     6 |     3 ||     9
 Cast: Infusion          |     5 |       ||     5
       Spectral Weapon   |     6 |     8 ||    14
       Shroud of Golubri |     1 |     3 ||     4
       Regeneration      |     1 |     2 ||     3
  Use: Scroll            |       |     5 ||     5
 Stab: Sleeping          |     2 |     2 ||     4
  Eat: Ration            |     1 |       ||     1
Armor: Leather armour    |    18 |    14 ||    32
Dodge: Dodged            |    49 |    42 ||    91

Table legend:
 A = Turns spent in this place as a percentage of turns spent in the entire game.
 B = Non-inter-level travel turns spent in this place as a percentage of non-inter-level travel turns spent in the entire game.
 C = Inter-level travel turns spent in this place as a percentage of turns spent in this place.
 D = Turns resting spent in this place as a percentage of non-inter-level travel turns spent in this place.
 E = Turns spent auto-exploring this place as a percentage of non-inter-level travel turns spent in this place.
 F = Non-inter-level travel turns spent in this place divided by the number of levels of this place that you've seen.
                   A       B       C       D       E      F
               +-------+-------+-------+-------+-------+----------------------
         Total | 100.0 | 100.0 |   1.0 |   0.0 |   0.0 | 241.2
       Dungeon | 100.0 | 100.0 |   1.0 |   0.0 |   0.0 | 241.2
               +-------+-------+-------+-------+-------+----------------------

Table legend:
 A = Kills in this place as a percentage of kills in entire the game.
 B = Kills by you in this place as a percentage of kills by you in the entire game.
 C = Kills by friends in this place as a percentage of kills by friends in the entire game.
 D = Other kills in this place as a percentage of other kills in the entire game.
 E = Experience gained in this place as a percentage of experience gained in the entire game.
 F = Experience gained in this place divided by the number of levels of this place that you have seen.
                   A       B       C       D       E      F
               +-------+-------+-------+-------+-------+----------------------
         Total | 100.0 | 100.0 |   N/A |   N/A | 100.0 |  89.4
       Dungeon | 100.0 | 100.0 |   N/A |   N/A | 100.0 |  89.4
               +-------+-------+-------+-------+-------+----------------------

Vault maps used:
D:1:      matt_arrival_refuge, hex_tiny, serial_bayou_lake_a
D:2:      cheibrodos_old_hovel
D:3:      patterned_corridor
D:4:      first_ration, serial_bayou_crossing
D:5:      makhleb_blood_cavern_becter, minitemple, nicolae_ossuary_entry_plus,
          trog_eyes_of_draining, uniq_crazy_yiuf_cottage
